 Dungeon Crawl Stone Soup version 0.13-b1-32-g21a608e (webtiles) character file.

97 Lilouch the Skirmisher (level 3, -4/30 HPs)
             Began as a Mummy Fighter on Oct 6, 2013.
             Slain by a centaur (7 damage)
             ... on Level 1 of the Dungeon.
             The game lasted 00:08:42 (3864 turns).

Lilouch the Skirmisher (Mummy Fighter)              Turns: 3864, Time: 00:08:43

HP  -4/30        AC  6     Str 19      XL: 3   Next: 21%
MP   2/2         EV  6     Int  7      God:
Gold 60          SH 18     Dex 12      Spells:  0 memorised,  2 levels left

Res.Fire  : x . .   See Invis. : .   a - +0 hand axe {=f}
Res.Cold  : + . .   Warding    : .   b - +0 scale mail
Life Prot.: + + +   Conserve   : .   c - +0 shield
Res.Poison: +       Res.Corr.  : .   (no helmet)
Res.Elec. : .       Clarity    : .   (no cloak)
Sust.Abil.: . .     Spirit.Shd : .   (no gloves)
Res.Mut.  : .       Stasis     : .   (no boots)
Res.Rott. : +       Flight     : .   (no amulet)
Saprovore : . . .                    (no ring)
                                     (no ring)

@: slightly resistant to hostile enchantments, extremely unstealthy
A: no food or potions, fire vulnerability, restore body, cold resistance 1, life
protection 3, poison resistance, torment resistance, unbreathing
a: no special abilities


You were on level 1 of the Dungeon.
You were not hungry.

You visited 1 branch of the dungeon, and saw 1 of its levels.

You collected 40 gold pieces.

Inventory:

Hand weapons
 a - a +0,+0 hand axe (weapon) {=f}
Missiles
 g - 23 poisoned needles
Armour
 b - a +0 scale mail (worn)
 c - a +0 shield (worn)
 e - a +0 pair of gauntlets
Scrolls
 d - a scroll of remove curse {unknown}
 f - 2 scrolls of identify {unknown}
 h - 2 scrolls of enchant weapon II {unknown}
 i - a scroll of teleportation {unknown}


   Skills:
 + Level 3.3 Fighting
 + Level 1.7 Axes
 + Level 2.8 Armour
 + Level 0.5 Dodging
 + Level 2.7 Shields


You had 2 spell levels left.
You didn't know any spells.

Dungeon Overview and Level Annotations

Branches:
Dungeon (1/27)

Altars:


Innate Abilities, Weirdness & Mutations

You do not eat or drink.
Your flesh is vulnerable to fire.
Your flesh is cold resistant.
You are immune to negative energy.
Your system is resistant to poisons.
You are immune to unholy pain and torment.
You can survive without breathing.


Message History

The centaur closely misses you.
You hit the centaur.
The centaur is heavily wounded.
The centaur hits you!
You hit the centaur.
The centaur is heavily wounded.
The centaur hits you. The centaur barely misses you. The centaur hits you!
* * * LOW HITPOINT WARNING * * *
You hit the centaur.
The centaur is severely wounded.
The centaur hits you.
* * * LOW HITPOINT WARNING * * *
The centaur hits you but does no damage.
Your shield prevents you from hitting the centaur.
The centaur is severely wounded.
The centaur closely misses you. You block the centaur's attack.
You hit the centaur but do no damage.
The centaur is severely wounded.
The centaur completely misses you. The centaur hits you!
You die...

######## #......#
#######
######.####.###......
#(.(@c...........####
#.####.####.#>.......
#.#..#.####.#.#..####
#.#..................
#.#..######.#.#..####
#.#..###.........#
#.#.%.....#.#.#..#
#.#.......#.#.#..#
#.#.......#.#.#..#


You could see a centaur.

Vanquished Creatures
  A giant mite (D:1)
  A giant gecko (D:1)
  3 bats (D:1)
  2 giant cockroaches (D:1)
  2 goblins (D:1)
  7 hobgoblins (D:1)
  3 jackals (D:1)
  3 kobolds (D:1)
  5 rats (D:1)
27 creatures vanquished.

Notes
Turn   | Place    | Note
--------------------------------------------------------------
     0 | D:1      | Lilouch, the Mummy Fighter, began the quest for the Orb.
     0 | D:1      | Reached XP level 1. HP: 18/18 MP: 0/0
   369 | D:1      | Reached XP level 2. HP: 20/24 MP: 1/1
   492 | D:1      | epsilon: Мумия файтер? Месье знает толк в извращениях.
   495 | D:1      | Lilouch: ))))
   495 | D:1      | Lilouch: я пробывал гуля-но он чето слабый\
   495 | D:1      | epsilon: лол
   504 | D:1      | epsilon: ну, по сравнению с ограми многие слабые
   510 | D:1      | Lilouch: )огры тупые\
   510 | D:1      | Lilouch: ))
   510 | D:1      | epsilon: попробуй горгулию
   510 | D:1      | epsilon: она бронированная по самое немогу
   510 | D:1      | Lilouch: думаеш я не сдохну с ней от магии?
   510 | D:1      | Lilouch: )
   510 | D:1      | epsilon: и у неё есть насколько прикольных иммунитетов
   645 | D:1      | epsilon: тут броня защищает от большей части магии
   648 | D:1      | epsilon: не от всей, но от большей
   648 | D:1      | Lilouch: тоесть поможет от тех магов цветных что меня убивают?
   648 | D:1      | Lilouch: заколебался от пристов и фиолетовыхкакихто умирать
   648 | D:1      | epsilon: от фиолетовых - да
   648 | D:1      | Lilouch: \
   648 | D:1      | epsilon: зелёных - нет
   725 | D:1      | epsilon: визарды и присты
   803 | D:1      | epsilon: пристов надо просто выносить
  2993 | D:1      | epsilon: ))
  3002 | D:1      | epsilon: фармишь первый этаж, я гляжу?
  3002 | D:1      | Lilouch: хм стараюсь)
  3002 | D:1      | Lilouch: у нее ж нету голода
  3002 | D:1      | Lilouch: вот и пропускаю ходы
  3002 | D:1      | Lilouch: тут же нет привязки на время
  3002 | D:1      | epsilon: уже пробовал это делать?
  3002 | D:1      | epsilon: уже пробовал раньше это делать?
  3002 | D:1      | Lilouch: неа
  3002 | D:1      | epsilon: ы)
  3002 | D:1      | Lilouch: раньше голод был
  3002 | D:1      | epsilon: окей
  3002 | D:1      | epsilon: попробуй
  3002 | D:1      | Lilouch: пле
  3002 | D:1      | Lilouch: а как хзодить?)
  3002 | D:1      | Lilouch: на стрелочки? О не рабоатет
  3002 | D:1      | epsilon: ручками или на 'X'
  3002 | D:1      | Lilouch: хм оке ща на икс попробую
  3016 | D:1      | epsilon: на большой X
  3016 | D:1      | epsilon: и через всю карту в другой угол
  3071 | D:1      | epsilon: подожди тысячу-другую ходов
  3071 | D:1      | epsilon: мобы спамятся редко
  3071 | D:1      | Lilouch: лол а что ей какчать?)
  3071 | D:1      | Lilouch: силув?
  3071 | D:1      | epsilon: Если магией не будешь пользоваться то либо силу либо декс
  3071 | D:1      | Lilouch: ага не буду
  3071 | D:1      | epsilon: если планируешь делать танка - лучше силу
  3071 | D:1      | Lilouch: тада декс
  3071 | D:1      | Reached XP level 3. HP: 30/30 MP: 2/2
  3082 | D:1      | epsilon: подожди пару тысяч ходов лучше
  3110 | D:1      | epsilon: они сами к тебе припрутся
  3851 | D:1      | Noticed a centaur
  3864 | D:1      | Slain by a centaur

Action                   || total
-------------------------++-------
Melee: Hand axe          ||    96
